 Dungeon Crawl Stone Soup version 0.29.1-2-gbd0b4ee654 (webtiles) character file.

Game seed: 15864779087492891504

638 stoykobg the Chopper (level 7, -15/59 HPs)
             Began as a Ghoul Gladiator on Nov 4, 2022.
             Was a Believer of Makhleb.
             Demolished by an ogre
             ... wielding a +0 giant club
              (18 damage)
             ... on level 6 of the Dungeon on Nov 5, 2022.
             The game lasted 01:33:43 (5476 turns).

stoykobg the Chopper (Ghoul Gladiator)              Turns: 5476, Time: 01:33:43

Health: -15/59     AC: 10    Str: 20    XL:     7   Next: 50%
Magic:  7/7        EV: 13    Int:  3    God:    Makhleb [**....]
Gold:   307        SH:  5    Dex: 20    Spells: 6/6 levels left

rFire   . . .      SeeInvis .   J - +2 executioner's axe (vamp)
rCold   + . .      Faith    .   (shield currently unavailable)
rNeg    + + +      Spirit   .   D - +0 chain mail
rPois   ∞          Reflect  +   M - +0 helmet "Ojoecila" {-Tele +Inv Will+ Dex+10}
rElec   .          Harm     .   (no cloak)
rCorr   +          Rampage  .   (no gloves)
Will    +....      NoTele   +   R - +0 pair of boots
Stlth   ..........              B - amulet of reflection
HPRegen 0.00/turn               u - +4 ring of evasion
MPRegen 0.10/turn               A - ring of resist corrosion

@: inhibited regen
A: claws 1, cold resistance 1, negative energy resistance 3, inhibited
regeneration, torment resistance 2, devour on kill
a: Renounce Religion, Evoke Invisibility, Minor Destruction


You were on level 6 of the Dungeon.
You worshipped Makhleb.
Makhleb was pleased with you.
You visited 1 branch of the dungeon, and saw 6 of its levels.

You collected 307 gold pieces.

Inventory:

Hand Weapons
 a - a +0 war axe
 o - a +0 flail
 s - a +0 quarterstaff
 H - a +0 mace
 J - a +2 vampiric executioner's axe (weapon)
 L - a +2 dagger of venom
 Q - a +0 falchion of freezing
Missiles
 d - 2 throwing nets
 h - 6 boomerangs
 k - 30 stones
 n - 8 poisoned darts
 E - 4 atropa-tipped darts (quivered)
Armour
 b - a +0 leather armour
 c - a +0 helmet
 e - a +0 animal skin
 w - a +0 helmet
 y - a +0 robe
 D - a +0 chain mail (worn)
 M - the +0 helmet "Ojoecila" (worn) {-Tele +Inv Will+ Dex+10}
   (You took it off Robin on level 4 of the Dungeon)

   Dex:       It affects your dexterity (+10).
   +Inv:      It lets you turn invisible.
   -Tele:     It prevents most forms of teleportation.
   Will:      It increases your willpower.
 R - a +0 pair of boots (worn)
 U - a +0 ring mail
Jewellery
 g - an amulet of the acrobat
 u - a +4 ring of evasion (left claw)
 A - a ring of resist corrosion (right claw)
 B - an amulet of reflection (around neck)
 P - an amulet of regeneration
Wands
 C - a wand of iceblast (2)
 K - a wand of paralysis (5)
Scrolls
 i - 2 scrolls of blinking {unknown}
 l - a scroll of poison
 p - a scroll of magic mapping
 q - 2 scrolls of identify
 t - a scroll of amnesia
 F - a scroll of enchant armour
 T - a scroll of teleportation {unknown}
Potions
 f - a potion of flight {unknown}
 j - a potion of brilliance {unknown}
 m - a potion of cancellation {unknown}
 r - a potion of haste
 v - a potion of attraction {unknown}
 x - 3 potions of curing
 z - a potion of berserk rage {unknown}
 G - 2 potions of lignification {unknown}
 I - a potion of ambrosia {unknown}
 O - a potion of heal wounds {unknown}
 S - a potion of resistance {unknown}
 V - a potion of mutation {unknown}


   Skills:
 + Level 4.1 Fighting
 * Level 5.0 Axes
 + Level 3.3 Throwing
 + Level 1.5 Armour
 + Level 3.9 Dodging
 + Level 2.3 Invocations


You had 6 spell levels left.
You didn't know any spells.
Your spell library contained the following spells:

 Spells                   Type           Power      Damage    Failure   Level
 Apportation              Tloc           0%         N/A       100%        1
 Magic Dart               Conj           0%         1d3       100%        1
 Necrotise                Necr           0%         1d4       100%        1
 Summon Small Mammal      Summ           0%         N/A       100%        1
 Poisonous Vapours        Pois/Air       0%         N/A       100%        2
 Searing Ray              Conj           0%         2d4       100%        2
 Call Canine Familiar     Summ           0%         N/A       100%        3
 Portal Projectile        Hex/Tloc       0%         N/A       100%        3
 Corpse Rot               Necr/Pois/Air  0%         N/A       100%        4
 Fulminant Prism          Conj/Hex       0%         3d6       100%        4
 Leda's Liquefaction      Hex/Erth       0%         N/A       100%        4


Dungeon Overview and Level Annotations

Branches:
Dungeon (6/15)             Temple (0/1) D:4

Altars:
Cheibriados
Dithmenos
Makhleb
Wu Jian

Annotations:
D:4 Pikel


Innate Abilities, Weirdness & Mutations

You are immune to poison.
You have sharp fingernails.
Your flesh is cold resistant. (rC+)
You are immune to negative energy. (rN+++)
You do not regenerate when monsters are visible.
You are immune to unholy pain and torment.
You thrive by killing the living.


Message History

The hound bites you but does no damage. The hound closely misses you.
You closely miss the hound. You block the hound's attack.
The hound bites you but does no damage. The hound closely misses you.
You slash the hound!
The hound is severely wounded.
The hound bites you but does no damage. x2
You closely miss the hound.
The hound is severely wounded.
The hound closely misses you. You block the hound's attack.
You closely miss the hound.
The hound is severely wounded.
The hound misses you. The hound barely misses you.
You block the hound's attack.
You slice the hound!!
You kill the hound!
Makhleb accepts your kill.
Your Axes skill increases to level 5!
Found a robe and a falchion.
You now have 307 gold pieces (gained 12).
There is a stone staircase leading up here.
You climb upwards.
The ogre hits you with a +0 giant club!!
There is a stone staircase leading down here.
You hit the ogre.
The ogre is heavily wounded.
The ogre closely misses you.
The ogre hits you with a +0 giant club!!
Ouch! That really hurt!
* * * LOW HITPOINT WARNING * * *
You climb downwards.
You hear the sound of rushing water.
There is an entrance to a sewer on this level.
Hurry and find it before the portal rusts away!
There is a stone staircase leading up here.
The ogre attacks as you move away! The ogre hits you with a +0 giant club.
* * * LOW HITPOINT WARNING * * *
The ogre attacks as you move away! The ogre closely misses you.
You hear the slow rusting of a very distant drain.
The ogre attacks as you move away! You block the ogre's attack.
The ogre hits you with a +0 giant club!!
You die...

#.###...# ........+
....[...# #....# ##
####....######..####
#...........<.......
#..........†........
#.....O.............
#.....@.##..##..####
#.......##..# ..#
##................
#..........<......
#.).....##..##.....
##......# ### +#
#.###### ..


You could see an ogre.

Vanquished Creatures
  A black bear (D:5)
  A lemure (D:4)
  A necrophage (D:4)
  A howler monkey (D:5)
  4 hounds
  5 iguanas
  Ijyb (D:4)
  Robin (D:4)
  8 adders
  A white imp (D:4)
  2 ufetubi
  2 dart slugs (D:1)
  3 orcs
  7 endoplasms
  A giant cockroach (D:3)
  8 goblins
  8 hobgoblins
  4 jackals (D:1)
  3 quokkas
  7 ball pythons
  A bat (D:1)
  2 frilled lizards (D:3)
  6 kobolds
  5 rats
83 creatures vanquished.

Notes
Turn   | Place    | Note
-------+----------+-------------------------------------------
     0 | D:1      | stoykobg the Ghoul Gladiator began the quest for the Orb.
     0 | D:1      | Reached XP level 1. HP: 17/17 MP: 0/0
   641 | D:1      | Reached XP level 2. HP: 25/25 MP: 1/1
   668 | D:1      | Reached skill level 3 in Axes
   918 | D:1      | Reached XP level 3. HP: 30/30 MP: 2/2
  1257 | D:2      | Found a faded altar of an unknown god.
  1285 | D:2      | Prayed at the altar of an unknown god.
  1285 | D:2      | Became a worshipper of Makhleb the Destroyer
  1285 | D:2      | Reached * piety under Makhleb
  2584 | D:2      | Found a burning altar of Makhleb.
  2738 | D:3      | Reached XP level 4. HP: 37/37 MP: 3/3
  3151 | D:3      | Reached ** piety under Makhleb
  3231 | D:3      | Found an ornate altar of the Wu Jian Council.
  3450 | D:4      | Found a snail-covered altar of Cheibriados.
  3479 | D:4      | Noticed a necrophage
  3728 | D:4      | Killed a necrophage
  3729 | D:4      | Reached skill level 4 in Axes
  3729 | D:4      | Reached XP level 5. HP: 36/45 MP: 4/4
  3839 | D:4      | Found a shadowy altar of Dithmenos.
  3897 | D:4      | Noticed a lemure
  3897 | D:4      | Noticed a lemure
  3898 | D:4      | Noticed a lemure
  3898 | D:4      | Identified the +0 helmet "Ojoecila" {-Tele +Inv Will+
                  | Dex+10}
  3898 | D:4      | Noticed Robin
  4006 | D:4      | Reached skill level 1 in Invocations
  4177 | D:4      | Reached XP level 6. HP: 37/51 MP: 5/5
  4293 | D:4      | Noticed Pikel
  4323 | D:3      | Identified a scroll of acquirement
  4327 | D:3      | Acquired a +1 vampiric executioner's axe
  4429 | D:4      | Found a staircase to the Ecumenical Temple.
  4504 | D:4      | Noticed Ijyb
  4512 | D:4      | Paralysed by Ijyb for 4 turns
  4517 | D:4      | Killed Ijyb
  4562 | D:4      | Killed Robin
  4741 | D:5      | Entered Level 5 of the Dungeon
  4802 | D:5      | Noticed a black bear
  5111 | D:5      | Reached skill level 1 in Armour
  5162 | D:5      | Reached XP level 7. HP: 58/58 MP: 7/7
  5450 | D:6      | Reached skill level 5 in Axes
  5476 | D:6      | Demolished by an ogre

Illustrated notes

Levels and vault maps discovered:
D:1:      dpeg_arrival_windows_large_door, layout_loops_corners
D:2:      layout_basic, hellmonk_ecumenical_altar_lost_god
D:3:      layout_basic, nzn_wu_jian_council_hall, minmay_statues_item,
          minmay_misc_feat_more_columns, minmay_pentomino_pile
D:4:      layout_cave_pools, grunt_dithmenos_smoke, overflow_temple_1_default,
          minmay_temple_entry_glass, minmay_misc_feat_ornament, uniq_ijyb,
          uniq_robin, uniq_pikel
D:5:      layout_loops_cross
D:6:      layout_gridville, grunt_temple_overflow_magic_moments,
          nicolae_hepliaklqana_hazy_memory, mainiacjoe_overflow_surrounded_room,
          lightli_sewer_entry_pipes

Skill      XL: |  1  2  3  4  5  6  7 |
---------------+----------------------+-----
Axes           | 3 4 5 |  5.0
Throwing       | 2 3 |  3.3
Dodging        | 3 |  3.9
Fighting       | 3 4 |  4.1
Invocations    | 1 2 |  2.3
Armour         | 1 |  1.5

Action                   |  1- 3 |  4- 6 |  7- 9 || total
-------------------------+-------+-------+-------++-------
Melee: War axe           |    99 |    92 |       ||   191
       Executioner's axe |       |    56 |    18 ||    74
Throw: Javelin           |     1 |     1 |     1 ||     3
       Boomerang         |       |    16 |       ||    16
       Dart              |       |     9 |     2 ||    11
       Throwing net      |       |     1 |       ||     1
       Stone             |       |     8 |       ||     8
Invok: Minor Destruction |       |     7 |     1 ||     8
  Use: Potion            |       |     1 |       ||     1
       Scroll            |       |    10 |       ||    10
Armor: Leather armour    |    26 |    10 |       ||    36
       Chain mail        |       |    33 |     9 ||    42
Dodge: Dodged            |    90 |   126 |    23 ||   239
Block: Other             |     4 |    50 |    11 ||    65
       Reflection        |       |     1 |       ||     1
